[Event "Team 45 45 League T59"]
[Site "Internet Chess Club"]
[Date "2013.12.22"]
[Round "5"]
[White "chessfreak2001"]
[Black "Bluecat"]
[Result "0-1"]
[WhiteElo "1663"]
[BlackElo "1955"]
[Opening "Caro-Kann: advance variation"]
[ECO "B12"]
[Time "14:30:59"]
[TimeControl "2700+45"]

1. e4 c6 2. d4 d5 3. e5 Bf5 4. Nf3 e6 5. Be2 Nd7 6. O-O Qb6 7. c3 c5 8. Nbd2 Ne7
9. Qb3 Nc6 10. Qxb6 axb6 11. Nb3 c4 12. Nbd2 b5 13. Nh4 Bc2 14. Bd1 Bd3 15. Re1
b4 16. Nf1 bxc3 17. bxc3 b5 18. Bd2 b4 19. Be2 Bxe2 20. Rxe2 Be7 21. Nf3 b3 22.
Be3 O-O 23. Bc1 Ra7 24. Ng3 Rfa8 25. h3 Rxa2 26. Raxa2 Rxa2 27. Rxa2 bxa2 28.
Bb2 Ba3 29. Ba1 Na5 30. Ne1 Nb3 31. Nc2 Nxa1 32. Nxa1 Bb2 33. Nc2 Bxc3 34. Ne2
a1=Q+ 35. Nxa1 Bxa1 36. Kf1 Nb8 37. Ke1 Nc6 38. Kd2 Bxd4 39. Nxd4 Nxd4 40. Kc3
Nc6 41. f4 g5 42. g3 h5 43. h4 g4 44. Kd2 d4 45. Kc2 Kg7 46. Kd2 Kg6 47. Kc2 Kf5
48. Kd2 Ke4 49. Ke2 c3 50. Kd1 d3 51. Kc1 Ke3 52. Kd1 Nd4 53. Kc1 Nb3+ 54. Kd1
c2+ 55. Ke1 c1=Q# {White checkmated} 0-1

[Event "Team 45 45 League T59"]
[Site "Internet Chess Club"]
[Date "2013.12.23"]
[Round "5"]
[White "Agarnez"]
[Black "hood"]
[Result "1/2-1/2"]
[WhiteElo "1915"]
[BlackElo "1823"]
[Opening "King's Indian, 3.Nf3"]
[ECO "E62"]
[Time "19:01:00"]
[TimeControl "2700+45"]

1. d4 Nf6 2. c4 g6 3. Nf3 Bg7 4. g3 O-O 5. Bg2 d6 6. Nc3 d5 7. cxd5 Nxd5 8. Bd2
Re8 9. e4 Nxc3 10. Bxc3 c5 11. d5 e5 12. O-O Na6 13. a4 Nb8 14. Nd2 b6 15. f4
Ba6 16. Rf2 Qd6 17. Qb3 Nd7 18. Nc4 Bxc4 19. Qxc4 a6 20. Raf1 Rf8 21. Bh3 exf4
22. gxf4 Bxc3 23. bxc3 f6 24. Bxd7 Qxd7 25. e5 fxe5 26. fxe5 Rxf2 27. Rxf2 b5
28. Qxc5 Qg4+ 29. Kf1 Qd1+ 30. Kg2 Qg4+ 31. Kf1 Qd1+ 32. Kg2 Qg4+ 33. Kf1 Qd1+
34. Kg2 Qg4+ 35. Kf1 Qd1+ {Game drawn by repetition} 1/2-1/2

[Event "Team 45 45 League T59"]
[Site "Internet Chess Club"]
[Date "2013.12.21"]
[Round "5"]
[White "DouDou"]
[Black "WillC"]
[Result "1-0"]
[WhiteElo "1879"]
[BlackElo "1616"]
[Opening "French: Tarrasch, open variation"]
[ECO "C07"]
[Time "20:30:20"]
[TimeControl "2700+45"]

1. e4 e6 2. d4 d5 3. Nd2 c5 4. exd5 Qxd5 5. Ngf3 cxd4 6. Bc4 Qd7 7. O-O Nc6 8.
Nb3 Nf6 9. Qe2 a6 10. a4 Be7 11. Rd1 O-O 12. Nbxd4 Rd8 13. Be3 Qc7 14. Nxc6 Qxc6
15. Ne5 Qc7 16. Rxd8+ Bxd8 17. Rd1 Bd7 18. Bf4 Bxa4 19. Nxf7 Qxf4 20. Qxe6 Bc7
21. g3 Qe4 22. Nh6+ Kh8 23. Qg8+ Nxg8 24. Nf7# {Black checkmated} 1-0

[Event "Team 45 45 League T59"]
[Site "Internet Chess Club"]
[Date "2013.12.23"]
[Round "5"]
[White "Innes"]
[Black "joebobpop"]
[Result "1-0"]
[WhiteElo "1798"]
[BlackElo "1726"]
[Opening "Scotch gambit"]
[ECO "C44"]
[Time "16:09:54"]
[TimeControl "2700+45"]

1. e4 e5 2. Nf3 Nc6 3. d4 exd4 4. Bc4 Bc5 5. c3 dxc3 6. O-O Nge7 7. Ng5 Ne5 8.
Bxf7+ Nxf7 9. Nxf7 Kxf7 10. Qh5+ Ng6 11. Qxc5 d6 12. Qh5 Bd7 13. f4 Kg8 14. Nxc3
Bc6 15. f5 Ne5 16. Bg5 Qe8 17. Qh4 h6 18. Be3 Qd8 19. Qg3 Qf6 20. Rad1 Kf7 21.
Bd4 Rad8 22. b4 a6 23. a4 b5 24. axb5 axb5 25. Kh1 Rhe8 26. Rc1 Re7 27. Rf4 Rg8
28. Rcf1 Ke8 29. Ra1 Kd7 30. Ra5 Rb8 31. Rf1 Qf7 32. Rd1 Nc4 33. e5 Qxf5 34.
exd6 Nxd6 35. Bc5 Qf6 36. Ra7 Rb7 37. Rxb7 Bxb7 38. Nxb5 Re6 39. Qg4 Qg6 40. Qh3
Kd8 41. Qh4+ Kc8 42. Na7+ Kd7 43. Qh3 Ke8 44. b5 Re2 45. Nc6 Bc8 46. Qf3 Bg4 47.
Qd5 Be6 48. Qf3 Bg4 49. Qg3 Qc2 50. Rf1 Qxc5 51. Qxg4 Qxb5 52. Qg6+ Kd7 53. Rc1
Qxc6 54. Qxg7+ Kc8 55. Qg4+ Kb7 56. Rb1+ Ka7 57. Qxe2 Qa4 58. Qb2 {Black
resigns} 1-0

[Event "Team 45 45 League T59"]
[Site "Internet Chess Club"]
[Date "2013.12.22"]
[Round "5"]
[White "ausya"]
[Black "Warpdrive"]
[Result "1-0"]
[WhiteElo "1798"]
[BlackElo "1685"]
[Opening "Ruy Lopez: closed, Chigorin, 12...c5d4"]
[ECO "C99"]
[Time "19:00:39"]
[TimeControl "2700+45"]

1. e4 e5 2. Nf3 Nc6 3. Bb5 a6 4. Ba4 Nf6 5. O-O b5 6. Bb3 d6 7. Re1 Be7 8. c3
O-O 9. h3 Na5 10. Bc2 c5 11. d4 Qc7 12. Nbd2 cxd4 13. cxd4 Nd7 14. Nf1 exd4 15.
Nxd4 Nc6 16. Nf5 Nf6 17. N1g3 Re8 18. Bf4 Bxf5 19. Nxf5 Rad8 20. Rc1 Ne5 21. Bb3
Qd7 22. f3 Bf8 23. Re2 Rc8 24. Rxc8 Rxc8 25. Rd2 Rd8 26. Bxe5 Qa7+ 27. Bd4 Qb8
28. Bxf6 gxf6 29. Qe1 Qa7+ 30. Kh1 d5 31. Qg3+ Kh8 32. Qh4 Qb6 33. e5 fxe5 34.
Rxd5 Rxd5 35. Bxd5 {Black resigns} 1-0

[Event "Team 45 45 League T59"]
[Site "Internet Chess Club"]
[Date "2013.12.20"]
[Round "5"]
[White "tryanything"]
[Black "vjbaker"]
[Result "1-0"]
[WhiteElo "1596"]
[BlackElo "1713"]
[Opening "Sicilian: Grand Prix attack, Schofman variation"]
[ECO "B23"]
[Time "19:00:54"]
[TimeControl "2700+45"]

1. e4 c5 2. Nc3 Nc6 3. f4 g6 4. Nf3 Bg7 5. Bc4 e6 6. f5 Nge7 7. fxe6 dxe6 8. O-O
O-O 9. d3 Na5 10. Bb3 Nxb3 11. axb3 f5 12. Qe1 f4 13. Qh4 e5 14. Qf2 b6 15. Nb5
Bd7 16. Na3 Qc7 17. Bd2 b5 18. Qh4 Rae8 19. g4 Bf6 20. g5 Bg7 21. Qf2 a6 22. h4
Kf7 23. Qh2 Rh8 24. Kf2 Ref8 25. Rh1 Ke8 26. h5 Bg4 27. h6 Bf6 28. gxf6 Rxf6 29.
Qh4 Bxf3 30. Qxf6 Rf8 31. Qxa6 Bxh1 32. Nxb5 Qd7 33. Nd6+ Kd8 34. Qb6+ Qc7 35.
Ra8+ Kd7 36. Ra7 Qxa7 37. Qxa7+ Kxd6 38. Qb6+ Nc6 39. Qb7 Ne7 40. Ba5 Ke6 41.
Qb6+ Kf7 42. Qxc5 Rc8 43. Bc7 Ke8 44. c4 Kd7 45. Qd6+ Ke8 46. Qxe5 f3 47. Bd6
Kd7 48. Qxe7+ Kc6 49. Qe6 Ra8 50. Qd5+ Kb6 51. Qxa8 g5 52. e5 g4 53. Qb8+ Ka6
54. Bc7 g3+ 55. Kxg3 f2 56. Qb6# {Black checkmated} 1-0

[Event "Team 45 45 League T59"]
[Site "Internet Chess Club"]
[Date "2013.12.23"]
[Round "5"]
[White "Otelo"]
[Black "SlimeDog2"]
[Result "0-1"]
[WhiteElo "1840"]
[BlackElo "2032"]
[Opening "Ruy Lopez: exchange, Keres variation"]
[ECO "C68"]
[Time "22:01:34"]
[TimeControl "2700+45"]

1. e4 e5 2. Nf3 Nc6 3. Bb5 a6 4. Bxc6 dxc6 5. Nc3 Qf6 6. d4 exd4 7. Qxd4 Qxd4 8.
Nxd4 Bd7 9. Bf4 O-O-O 10. O-O-O Ne7 11. f3 h5 12. Rd2 g6 13. Be5 Rh7 14. Bf6 Re8
15. Bg5 f6 16. Be3 Nd5 17. exd5 Rxe3 18. dxc6 bxc6 19. Re2 Bh6 20. Kd1 h4 21.
Rhe1 Rxe2 22. Rxe2 Bf4 23. Ne4 f5 24. Nc5 Bxh2 25. Nxa6 Bd6 26. Nb3 h3 27. gxh3
Rxh3 28. Rg2 Rh1+ 29. Kd2 g5 30. Nac5 Be8 31. Ne6 Rh6 32. Ned4 Bd7 33. Kd3 c5
34. Ne2 Be7 35. Kc4 Bc6 36. Nd2 g4 37. Rg3 Rd6 38. Nb3 Bxf3 39. Nf4 Ra6 40. Nd5
Bd6 41. Rg1 Ra4+ 42. Kb5 Rxa2 43. Ne3 Bh2 44. Re1 Bg3 45. Rb1 f4 46. Nf5 Bf2 47.
Nd2 Be2+ 48. Kc6 g3 49. Rh1 Ra6+ 50. Kd5 g2 51. Ne7+ Kb7 {White resigns} 0-1

[Event "Team 45 45 League T59"]
[Site "Internet Chess Club"]
[Date "2013.12.23"]
[Round "5"]
[White "CKNIGHT3"]
[Black "alexping"]
[Result "1/2-1/2"]
[WhiteElo "1890"]
[BlackElo "1871"]
[Opening "Budapest: Adler variation"]
[ECO "A52"]
[Time "11:16:35"]
[TimeControl "2700+45"]

1. d4 Nf6 2. c4 e5 3. dxe5 Ng4 4. Nf3 Bc5 5. e3 Bb4+ 6. Bd2 Bxd2+ 7. Qxd2 Nc6 8.
Nc3 Ngxe5 9. Nxe5 Nxe5 10. Be2 d6 11. O-O Bd7 12. b3 O-O 13. Nd5 Bf5 14. Nf4 Qe7
15. Nd3 Rad8 16. Qc3 Bxd3 17. Bxd3 f5 18. Qc2 g6 19. Rad1 Rfe8 20. Rfe1 a5 21.
f3 b6 22. e4 f4 23. a3 Qg5 24. Kh1 Nc6 25. Qc3 Qc5 26. Qb2 Qd4 27. Qb1 Qf6 28.
Rc1 Nd4 29. b4 c5 30. bxa5 bxa5 31. Qa2 Rb8 32. Rb1 Qe7 33. Rxb8 Rxb8 34. Rb1
Qc7 35. Rb2 g5 36. Qb1 Rxb2 37. Qxb2 h6 38. h3 Kf7 39. Kh2 Kf6 40. Bc2 h5 41.
Ba4 g4 42. fxg4 hxg4 43. hxg4 Qh7+ 44. Kg1 Qxe4 45. Qd2 Qe3+ 46. Qxe3 fxe3 47.
Kf1 Kg5 48. Bd1 Kf4 49. a4 Nc6 50. Ke2 Ne5 51. g3+ Kxg4 52. Kxe3+ Kxg3 53. Bb3
Nd7 54. Ke4 Nb6 55. Kf5 Kf3 56. Ke6 Ke4 57. Kxd6 Kd4 58. Kc6 Nxa4 59. Kb5 Nb2
60. Kxa5 Nxc4+ 61. Kb5 Nd6+ 62. Kc6 c4 63. Bxc4 {Game drawn because neither
player has mating material} 1/2-1/2

[Event "Team 45 45 League T59"]
[Site "Internet Chess Club"]
[Date "2013.12.31"]
[Round "5"]
[White "bobhill"]
[Black "Portola"]
[Result "1-0"]
[WhiteElo "1994"]
[BlackElo "1825"]
[Opening "Queen's bishop game"]
[ECO "D02"]
[Time "13:06:45"]
[TimeControl "2700+45"]

1. d4 d5 2. Nf3 Nf6 3. Bf4 Bf5 4. e3 h6 5. c4 c6 6. Qb3 Qb6 7. c5 Qxb3 8. axb3
Nbd7 9. Nc3 e6 10. b4 Be7 11. h3 O-O 12. Nd2 a6 13. Nb3 Rfc8 14. Be2 Bd8 15. O-O
g5 16. Bd6 h5 17. f3 Bg6 18. Kf2 Ne8 19. Bg3 f5 20. f4 g4 21. hxg4 fxg4 22. Rh1
Nef6 23. Nc1 Bc7 24. Nd3 Rf8 25. Ke1 Rae8 26. Kd2 Bb8 27. Rh2 Kg7 28. Ne5 Nxe5
29. fxe5 Nd7 30. Bd3 Rh8 31. Ne2 Bf7 32. Nf4 Bc7 33. Rah1 Bd8 34. Bh4 Bxh4 35.
Rxh4 Reg8 36. Nxh5+ Bxh5 37. Rxh5 Rxh5 38. Rxh5 Kf7 39. g3 Nf8 40. Be2 Rg7 41.
Rh4 Rg5 42. Rxg4 Rxg4 43. Bxg4 Kg6 44. Kd3 Kg5 45. Bh3 Kh5 46. e4 dxe4+ 47. Kxe4
Kg6 48. Kf4 Kh6 49. Bg2 Ng6+ 50. Kg4 Nf8 51. Be4 Nd7 52. Kf4 Kh5 53. g4+ Kh6 54.
g5+ Kg7 55. Kg4 Nf8 56. Kh5 Nd7 57. Bg6 Nf8 58. Be8 Kh7 59. g6+ Kg7 60. Kg5
{Black resigns} 1-0

[Event "Team 45 45 League T59"]
[Site "Internet Chess Club"]
[Date "2013.12.22"]
[Round "5"]
[White "universe"]
[Black "Cryptochess"]
[Result "1-0"]
[WhiteElo "2291"]
[BlackElo "2121"]
[Opening "Robatsch (modern) defense"]
[ECO "B07"]
[Time "16:13:35"]
[TimeControl "2700+45"]

1. e4 d6 2. d4 g6 3. Nc3 Bg7 4. Be3 a6 5. Qd2 b5 6. f3 Bb7 7. O-O-O Nd7 8. g4
Rc8 9. Kb1 c5 10. dxc5 Nxc5 11. Bd4 Nf6 12. Nd5 Bxd5 13. exd5 O-O 14. h4 e5 15.
dxe6 Nxe6 16. Bc3 Rxc3 17. Qxc3 Nxg4 18. Qe1 Qf6 19. c3 Ne5 20. Rxd6 b4 21. Rh2
Qf5+ 22. Rc2 bxc3 23. Qxc3 Rb8 24. Bh3 Qf4 25. Bxe6 fxe6 26. Qc7 Rf8 27. Rd8 Qe3
28. Rd1 Qf4 29. Qb7 Nc4 30. Rd7 Be5 31. Qxa6 Rb8 32. Rb7 Rd8 33. Qxe6+ Kh8 34.
Ne2 Qxf3 35. Rxc4 Qxe2 36. Qc8 Bf6 37. Rc1 Qe4+ 38. Ka1 Qxh4 39. Qc7 Rg8 40. Qf7
Bg7 41. a3 g5 42. Rc8 Bxb2+ 43. Kxb2 Qd4+ 44. Rc3 {Black resigns} 1-0

[Event "Team 45 45 League T59"]
[Site "Internet Chess Club"]
[Date "2013.12.22"]
[Round "5"]
[White "The7thGuest"]
[Black "SaltofLife"]
[Result "1/2-1/2"]
[WhiteElo "1902"]
[BlackElo "1910"]
[Opening "Ruy Lopez: Morphy defense"]
[ECO "C77"]
[Time "14:00:44"]
[TimeControl "2700+45"]

1. e4 e5 2. Nf3 Nc6 3. Bb5 a6 4. Ba4 Nf6 5. d4 exd4 6. O-O Be7 7. e5 Ne4 8. Nxd4
b5 9. Bb3 O-O 10. Bd5 Nc5 11. Bxc6 dxc6 12. Nxc6 Qe8 13. Nxe7+ Qxe7 14. f4 Bb7
15. Nc3 Rad8 16. Qe1 b4 17. Ne2 f6 18. Qxb4 fxe5 19. Be3 exf4 20. Bxc5 Qxe2 21.
Qxb7 f3 22. Rxf3 Rd1+ 23. Rxd1 Qxd1+ 24. Kf2 Qd2+ 25. Kf1 Qd1+ 26. Kf2 Qd2+ 27.
Kf1 Qd1+ 28. Kf2 Qd2+ 29. Kf1 Qd1+ 30. Kf2 Qd2+ 31. Kf1 Qd1+ {Game drawn by
repetition} 1/2-1/2

[Event "Team 45 45 League T59"]
[Site "Internet Chess Club"]
[Date "2013.12.22"]
[Round "5"]
[White "fledermaus"]
[Black "byebyebadman"]
[Result "0-1"]
[WhiteElo "1856"]
[BlackElo "1839"]
[Opening "Old Benoni defense"]
[ECO "A46"]
[Time "16:02:26"]
[TimeControl "2700+45"]

1. d4 Nf6 2. Nf3 c5 3. d5 b5 4. Bg5 Qb6 5. Bxf6 Qxf6 6. c3 Qb6 7. e4 g6 8. Nbd2
Bg7 9. a4 b4 10. Nc4 Qb7 11. Qc2 O-O 12. Be2 d6 13. O-O Qc7 14. Ne3 Nd7 15. cxb4
Rb8 16. b5 a6 17. Ra2 axb5 18. axb5 Nb6 19. Rfa1 Bd7 20. Ra7 Rb7 21. R7a5 c4 22.
Nd1 f5 23. Nc3 fxe4 24. Qxe4 Bf5 25. Qh4 Bf6 26. Qh6 Qc5 27. Ng5 e6 28. Ra7 Bxg5
29. Qxg5 Rxa7 30. Rxa7 Nxd5 31. Rb7 Qd4 32. Nxd5 Be4 33. Ne7+ Kh8 34. Nxg6+ Bxg6
35. Qe3 Qxb2 36. h4 Qa1+ 37. Kh2 Qf6 38. Bxc4 Qxh4+ 39. Kg1 Qxc4 40. b6 Ra8 41.
g3 Be4 42. Ra7 Qb4 43. f3 Bxf3 44. Rxa8+ Bxa8 45. Qxe6 Qxb6+ 46. Kf1 Qb5+ 47.
Kf2 Qb2+ 48. Kf1 Qg2+ 49. Ke1 Qxg3+ 50. Kd2 Qg5+ 51. Kc2 Qg6+ {White resigns}
0-1

[Event "Team 45 45 League T59"]
[Site "Internet Chess Club"]
[Date "2013.12.21"]
[Round "5"]
[White "yummy2"]
[Black "ARuperez"]
[Result "1/2-1/2"]
[WhiteElo "2346"]
[BlackElo "2204"]
[Opening "English: Neo-Catalan declined"]
[ECO "A14"]
[Time "14:45:33"]
[TimeControl "2700+45"]

1. Nf3 Nf6 2. c4 e6 3. g3 d5 4. Bg2 Be7 5. O-O O-O 6. b3 c5 7. Bb2 Nc6 8. cxd5
exd5 9. d4 cxd4 10. Nxd4 Bg4 11. Nc3 Qd7 12. Rc1 Bh3 13. Nxc6 bxc6 14. Na4 Bxg2
15. Kxg2 Rfe8 16. Bd4 Ne4 17. Be3 Ba3 18. Rc2 Re5 19. Rh1 Rae8 20. Bd4 Rg5 21.
Qd3 Rg6 22. h4 Bd6 23. Nc5 Bxc5 24. Bxc5 Ree6 25. Qa6 Qc7 26. Rh3 Nxc5 27. Rxc5
h5 28. Qd3 Qe5 29. Rc2 Rg4 {Game drawn by mutual agreement} 1/2-1/2

[Event "Team 45 45 League T59"]
[Site "Internet Chess Club"]
[Date "2013.12.26"]
[Round "5"]
[White "Emancipator"]
[Black "NFork"]
[Result "0-1"]
[WhiteElo "2195"]
[BlackElo "2202"]
[Opening "Caro-Kann: Steinitz variation"]
[ECO "B17"]
[Time "15:21:46"]
[TimeControl "2700+45"]

1. e4 c6 2. d4 d5 3. Nc3 dxe4 4. Nxe4 Nd7 5. Ng5 Ngf6 6. Bd3 Qc7 7. N1f3 h6 8.
Ne4 Nxe4 9. Bxe4 Nf6 10. Bd3 Bf5 11. O-O Bxd3 12. Qxd3 e6 13. Bd2 Bd6 14. c4 O-O
15. Bc3 Rad8 16. Rae1 Nd7 17. Qe4 b5 18. cxb5 cxb5 19. d5 e5 20. Nh4 Nf6 21. Qf5
Rfe8 22. f4 Nxd5 23. Bxe5 Qb6+ 24. Kh1 Ne3 25. Rxe3 Qxe3 26. Bxg7 Qe2 {White
resigns} 0-1

[Event "Team 45 45 League T59"]
[Site "Internet Chess Club"]
[Date "2013.12.21"]
[Round "5"]
[White "CuatroPrincesas"]
[Black "Epcot"]
[Result "1-0"]
[WhiteElo "2185"]
[BlackElo "2064"]
[Opening "French: Tarrasch"]
[ECO "C03"]
[Time "10:46:39"]
[TimeControl "2700+45"]

1. e4 e6 2. d4 d5 3. Nd2 Be7 4. Bd3 c5 5. dxc5 Nf6 6. Qe2 O-O 7. Ngf3 a5 8. O-O
Na6 9. e5 Nd7 10. c3 Naxc5 11. Bc2 b6 12. Re1 f6 13. exf6 Bxf6 14. Nb3 Re8 15.
Bf4 Nxb3 16. axb3 Ba6 17. Qd2 Rc8 18. Ne5 Nf8 19. b4 d4 20. cxd4 Rxc2 21. Qxc2
Qxd4 22. Qd2 Rd8 23. Qe3 Qxe3 24. fxe3 Rd5 25. bxa5 Bxe5 26. axb6 Bxf4 27. exf4
Bd3 28. Re5 Rd6 29. Rd1 Rxb6 30. Rxd3 Rxb2 31. Ra5 Kf7 32. g3 Kf6 33. Ra8 Ng6
34. Rd7 e5 35. Ra6+ Kf5 36. fxe5 Nxe5 37. Ra5 Ke6 38. Rxg7 Nf3+ 39. Kf1 Rd2 40.
Ra3 Nxh2+ 41. Kg1 h5 42. Rg5 Ng4 43. Rxh5 Rd1+ 44. Kg2 Rd2+ 45. Kf3 Ne5+ 46. Ke4
Re2+ 47. Re3 {Black resigns} 1-0

[Event "Team 45 45 League T59"]
[Site "Internet Chess Club"]
[Date "2013.12.31"]
[Round "5"]
[White "SlimeDog2"]
[Black "zigzag2002"]
[Result "0-1"]
[WhiteElo "2015"]
[BlackElo "2034"]
[Opening "QGD semi-Slav: Stoltz variation"]
[ECO "D45"]
[Time "16:01:23"]
[TimeControl "2700+45"]

1. d4 d5 2. Nf3 Nf6 3. c4 c6 4. e3 e6 5. Nc3 Nbd7 6. Qc2 Bd6 7. Bd3 O-O 8. O-O
dxc4 9. Bxc4 a6 10. e4 e5 11. Bg5 exd4 12. Nxd4 Bxh2+ 13. Kh1 Be5 14. Rad1 Qb6
15. Nf5 Qb4 16. Bd3 Nc5 17. a3 Qa5 18. b4 Qxa3 19. Nb1 Qxb4 20. Bd2 Qb6 21. Be3
Nfd7 22. Rc1 Qd8 23. Bxc5 Nxc5 24. Qxc5 Re8 25. Rfd1 Bxf5 26. exf5 {White
resigns} 0-1

[Event "Team 45 45 League T59"]
[Site "Internet Chess Club"]
[Date "2013.12.18"]
[Round "5"]
[White "niceshot"]
[Black "gump12345"]
[Result "1/2-1/2"]
[WhiteElo "2020"]
[BlackElo "2098"]
[Opening "Ruy Lopez: Berlin defense, open variation"]
[ECO "C67"]
[Time "22:03:10"]
[TimeControl "2700+45"]

1. e4 e5 2. Nf3 Nc6 3. Bb5 Nf6 4. O-O Nxe4 5. d4 Nd6 6. Bxc6 dxc6 7. dxe5 Nf5 8.
Qxd8+ Kxd8 9. Nc3 Ke8 10. Bf4 Ne7 11. Rad1 Ng6 12. Bg3 Be7 13. Nd4 h5 14. h3 h4
15. Bh2 Be6 16. f4 Bc4 17. Rfe1 Bc5 18. Na4 Bxd4+ 19. Rxd4 Be6 20. Nc5 b6 21.
Nxe6 fxe6 22. Red1 Ne7 23. Rd7 Rc8 24. Kf2 Rg8 25. R7d3 c5 26. c4 Nc6 27. Kf3 g5
28. R1d2 gxf4 29. Bxf4 Nd4+ 30. Ke4 Kf7 31. Rf2 Kg6 32. Be3 Nf5 33. Rf4 Kh5 34.
Rd2 Rcd8 35. Rxd8 Rxd8 36. Rg4 Nxe3 37. Kxe3 Rd1 38. Rg7 Rb1 39. Rxc7 Rxb2 40.
Rxa7 Rxg2 41. Rh7+ Kg6 42. Rxh4 Rxa2 43. Rf4 Ra3+ 44. Ke4 Rc3 45. Rf6+ Kg5 46.
Rxe6 Rxc4+ 47. Kd5 Rd4+ 48. Kc6 Kf5 49. Rh6 Kxe5 50. Rh5+ Ke4 51. Kxb6 c4 52.
Kc5 Kd3 53. Kb4 c3+ 54. Kb3 Rd8 55. Rg5 Rb8+ 56. Ka2 c2 57. Rg3+ Kd4 58. Rg4+
Ke3 59. Rg3+ Kd4 60. Rg4+ Ke3 {Game drawn by mutual agreement} 1/2-1/2

[Event "Team 45 45 League T59"]
[Site "Internet Chess Club"]
[Date "2013.12.19"]
[Round "5"]
[White "Pomberito"]
[Black "Happybear"]
[Result "1-0"]
[WhiteElo "2133"]
[BlackElo "1915"]
[Opening "French: advance, Euwe variation"]
[ECO "C02"]
[Time "11:08:20"]
[TimeControl "2700+45"]

1. e4 e6 2. d4 d5 3. e5 c5 4. c3 Nc6 5. Nf3 Bd7 6. a3 c4 7. Be2 Na5 8. Nbd2 Qb6
9. O-O Ne7 10. Ng5 Nf5 11. g4 Nh6 12. f4 Be7 13. Bf3 O-O 14. Nh3 Rad8 15. Rf2
Kh8 16. Rb1 Nb3 17. Nxb3 cxb3 18. Be3 a5 19. Qd3 Bb5 20. Qd2 a4 21. f5 Ng8 22.
Nf4 Bd7 23. Qd3 Bb5 24. Qd1 Bd7 25. Qf1 exf5 26. Nxd5 Qg6 27. Nf4 Qg5 28. Ng2
Qg6 29. gxf5 Bxf5 30. Rd1 Bc2 31. Rdd2 Nh6 32. Kh1 Nf5 33. Bf4 Qb6 34. Ne3 Nxe3
35. Bxe3 Bxa3 36. Rxc2 bxc2 37. bxa3 Qb3 38. Qc1 Qxc3 39. Rxc2 Qb3 40. Rc3 Qb5
41. Rc5 Qb3 42. Qc3 Qb1+ 43. Bg1 h6 44. Qc2 Qf1 45. Bg2 Qa6 46. Qc4 Qxc4 47.
Rxc4 b5 48. Rb4 Rb8 49. Bc6 Rfc8 50. d5 Rc7 51. Bc5 {Black resigns} 1-0

[Event "Team 45 45 League T59"]
[Site "Internet Chess Club"]
[Date "2013.12.23"]
[Round "5"]
[White "Barrett-CCSCSL"]
[Black "MisterDoob"]
[Result "0-1"]
[WhiteElo "2105"]
[BlackElo "2302"]
[Opening "QGD Slav: exchange variation, 6.Bf4 Bf5"]
[ECO "D14"]
[Time "19:00:22"]
[TimeControl "2700+45"]

1. d4 d5 2. c4 c6 3. Nf3 Nf6 4. cxd5 cxd5 5. Nc3 Nc6 6. Bf4 Bf5 7. e3 e6 8. Bd3
Bxd3 9. Qxd3 Bd6 10. Bxd6 Qxd6 11. O-O O-O 12. Rfc1 Rac8 13. a3 a6 14. Rc2 Rc7
15. Rac1 Rfc8 16. Na4 Ne7 17. Rxc7 Rxc7 18. Rxc7 Qxc7 19. Qc3 Qxc3 20. Nxc3 Nc6
21. b4 Kf8 22. Kf1 Ke7 23. Ke2 Ne8 24. Nd2 Nd6 25. Kd3 f6 26. Nb3 Nc4 27. Nb1 g5
28. h3 b6 29. N3d2 b5 30. Nb3 h5 31. Kc3 Kd6 32. N3d2 g4 33. hxg4 hxg4 34. Nf1
e5 35. Ng3 Ke6 36. Ne2 Ne7 37. Ng3 Ng6 38. Nf1 Nh4 39. g3 Nf3 40. Kd3 Ng1 41.
dxe5 fxe5 42. Nh2 e4+ 43. Kd4 Kd6 44. Kc3 Ne5 45. Kd2 Ngf3+ 46. Nxf3 gxf3 47.
Ke1 Nd3+ 48. Kf1 Nb2 49. Nd2 Nc4 50. Nb3 Nxa3 51. Nc5 a5 52. Nb7+ Kc7 53. Nxa5
Nc2 54. g4 Nxb4 55. g5 Kd6 56. Nb7+ Ke5 57. g6 Nc6 58. g7 Ne7 59. Ke1 Kf6 60.
Nd6 b4 61. Kd2 Kxg7 62. Kc2 Kf6 63. Kb3 Nc6 64. Nb5 d4 65. Nd6 dxe3 66. fxe3
Na5+ 67. Kxb4 Ke5 {White resigns} 0-1

[Event "Team 45 45 League T59"]
[Site "Internet Chess Club"]
[Date "2013.12.20"]
[Round "5"]
[White "Matusalen"]
[Black "TerryMalloy"]
[Result "1/2-1/2"]
[WhiteElo "2185"]
[BlackElo "2014"]
[Opening "QGA: classical, 6...a6"]
[ECO "D27"]
[Time "18:08:00"]
[TimeControl "2700+45"]

1. Nf3 d5 2. d4 Nf6 3. c4 dxc4 4. e3 c5 5. Bxc4 e6 6. O-O a6 7. dxc5 Qc7 8. b4
b6 9. Bb2 Nbd7 10. Qa4 Bb7 11. Be2 bxc5 12. bxc5 Bxc5 13. Nbd2 O-O 14. Rac1 Rfc8
15. Rfd1 Nb6 16. Qh4 Qe7 17. Bd3 h6 18. Bxf6 Qxf6 19. Qxf6 gxf6 20. Ne4 Be7 21.
Rb1 Bxe4 22. Bxe4 Rab8 23. Nd4 Nd7 24. Bb7 Rc7 25. Bxa6 Rxb1 26. Rxb1 Ra7 27.
Bc4 Kf8 28. Kf1 Ke8 29. Ke2 Bc5 30. Nf3 Ke7 31. g3 Ne5 32. Nxe5 fxe5 33. Rb8 Kf6
34. Bb3 Ba3 35. Kf3 Ra5 36. h4 Ra7 37. Rh8 Kg7 38. Rc8 Kf6 39. Ke4 Ra5 40. Rg8
Rb5 41. Ra8 Bb4 42. Rc8 Rc5 43. Rh8 Kg7 44. Rd8 Kf6 45. g4 Be1 46. Rd1 Bb4 47.
f3 Kg6 48. h5+ Kg5 49. Rg1 Rc3 50. f4+ exf4 51. exf4+ Kf6 52. g5+ Kg7 53. gxh6+
Kxh6 54. f5 exf5+ 55. Kxf5 Rc5+ 56. Kf6 Bc3+ 57. Kxf7 Rf5+ 58. Ke6 Rxh5 59. a4
Rg5 60. Rd1 Ra5 61. Kd6 Kg5 62. Rf1 Rf5 63. Rc1 Bb4+ 64. Kc6 Kf6 65. Rc4 Ba5 66.
Rh4 Kg5 67. Re4 Rf6+ 68. Kb5 Rf5+ 69. Ka6 Rc5 70. Bc4 Bc3 71. Bb5 Kf6 72. Kb6
Re5 73. Rc4 Be1 74. a5 Bf2+ 75. Kc6 Re6+ 76. Kd7 Re7+ 77. Kd8 Re5 78. Rf4+ Rf5
79. Rxf5+ Kxf5 80. a6 Ke5 81. a7 Bxa7 {Game drawn because neither player has
mating material} 1/2-1/2

[Event "Team 45 45 League T59"]
[Site "Internet Chess Club"]
[Date "2013.12.21"]
[Round "5"]
[White "jorobo"]
[Black "Jack-ONeill"]
[Result "1/2-1/2"]
[WhiteElo "2041"]
[BlackElo "2085"]
[Opening "QGD: Tartakower (Makagonov-Bondarevsky) system"]
[ECO "D58"]
[Time "15:10:39"]
[TimeControl "2700+45"]

1. c4 e6 2. d4 d5 3. Nc3 Be7 4. Nf3 Nf6 5. Bg5 h6 6. Bh4 O-O 7. e3 b6 8. Be2 Bb7
9. Bxf6 Bxf6 10. cxd5 exd5 11. b4 c6 12. O-O Re8 13. Qb3 a5 14. b5 c5 15. dxc5
bxc5 16. Rfd1 Nd7 17. Rac1 Nb6 18. Na4 Nxa4 19. Qxa4 Qb6 20. Rc2 Rac8 21. Nd2
Be7 22. Bf3 Red8 23. Nb3 Ra8 24. Rdc1 Rdc8 25. Rd1 Rd8 26. Rcd2 Qe6 27. Rc2 Qb6
28. Rdc1 Rdc8 29. Rd1 Rd8 {Game drawn by repetition} 1/2-1/2

[Event "Team 45 45 League T59"]
[Site "Internet Chess Club"]
[Date "2013.12.23"]
[Round "5"]
[White "Atwode"]
[Black "ben622"]
[Result "0-1"]
[WhiteElo "1874"]
[BlackElo "2031"]
[Opening "King's Indian: East Indian defense"]
[ECO "A48"]
[Time "15:00:29"]
[TimeControl "2700+45"]

1. d4 Nf6 2. Nf3 g6 3. Nc3 d5 4. Bf4 Bg7 5. e3 O-O 6. Be2 Nh5 7. Bg5 f6 8. Bh4
g5 9. Bg3 Nxg3 10. hxg3 Bf5 11. Bd3 Qd7 12. Qe2 Nc6 13. O-O-O h6 14. Nh2 Bxd3
15. Qxd3 f5 16. Nf3 a6 17. Rh2 Qd6 18. Rhh1 e6 19. Qe2 Nb4 20. a3 Nc6 21. Ne1
Na5 22. Nd3 Nc4 23. Qh5 Qe7 24. Qe2 b6 25. f4 g4 26. Ne5 Rf6 27. Nxc4 dxc4 28.
Qxc4 b5 29. Nd5 exd5 30. Qxd5+ Kh7 31. Qxa8 Qxe3+ 32. Kb1 Qxg3 33. Rhf1 c6 34.
d5 Qxg2 35. d6 Rxd6 36. Rxd6 Qxf1+ 37. Ka2 Qc4+ 38. Kb1 Qf1+ 39. Ka2 Qxf4 40.
Qxc6 Qc4+ 41. Qxc4 bxc4 42. Kb1 g3 43. Rd2 f4 44. Rg2 {White resigns} 0-1

[Event "Team 45 45 League T59"]
[Site "Internet Chess Club"]
[Date "2013.12.22"]
[Round "5"]
[White "Baseta"]
[Black "PJ"]
[Result "1-0"]
[WhiteElo "1827"]
[BlackElo "1633"]
[Opening "QGD: exchange, positional line"]
[ECO "D35"]
[Time "10:30:13"]
[TimeControl "2700+45"]

1. d4 d5 2. c4 e6 3. Nc3 Nf6 4. cxd5 exd5 5. Bg5 Be7 6. e3 O-O 7. Bd3 h6 8. Bh4
Be6 9. Nf3 c6 10. Qc2 a5 11. O-O Na6 12. a3 b5 13. Ne5 Rc8 14. Rfc1 Nd7 15. Bxe7
Qxe7 16. Nf3 Nf6 17. Qe2 Qb7 18. a4 Nb4 19. axb5 Nxd3 20. Qxd3 cxb5 21. Rxa5 Ne4
22. Qxb5 Qc7 23. Qa4 Rb8 24. Qa1 Rxb2 25. Nxe4 {Black resigns} 1-0